Cogmind - Beta 12 @@@ ROGUE MODE // 2023.10.09 @ 15:21:34 Player: Trantor Result: Destroyed by D-53 Grenadier with Mini Grenade Launcher Performance ------------- Evolutions (0) 0 Regions Visited (2) 400 Robots Destroyed (25) 125 Value Destroyed (494) 494 Prototype IDs (5) 100 Alien Tech Used (0) 0 Bonus (-51) -51 TOTAL SCORE: 1068 Bonus ------- Follower Combat Kills 14 Friendly Fire -65 Cogmind --------- Core Integrity 0/250 Matter 220/300 Energy 246/250 System Corruption 2% Temperature Cool (0) Movement Walking (190) Ox1 Location -10/Mines Parts ------- > --- POWER (1) -------- Ion Engine > --- PROPULSION (2) --- Aluminum Leg Aluminum Leg > --- UTILITY (2) ------ Large Storage Unit Structural Scanner > --- WEAPON (2) ------- Assault Rifle Assault Rifle > --- INVENTORY (15) --- Light Treads Light Treads Aluminum Leg Wheel High-capacity Matter Pod (200) Light Armor Plating Assault Rifle Assault Rifle Assault Rifle Rocket Launcher Rocket Launcher Rocket Launcher Rocket Launcher Peak State ------------ > --- POWER ------------ Ion Engine > --- PROPULSION ------- Aluminum Leg Aluminum Leg > --- UTILITY ---------- Large Storage Unit Structural Scanner > --- WEAPON ----------- Rocket Launcher Rocket Launcher > --- INVENTORY -------- Light Treads Light Treads Wheel High-capacity Matter Pod Light Armor Plating Assault Rifle Assault Rifle Assault Rifle Assault Rifle Assault Rifle Assault Rifle Rocket Launcher Rocket Launcher [Rating: 10] Favorites ----------- Power Ion Engine Engine Ion Engine Propulsion Aluminum Leg Leg Aluminum Leg Utility Structural Scanner Device Structural Scanner Storage Large Storage Unit Weapon Assault Rifle Energy Gun Medium Laser Ballistic Gun Assault Rifle Launcher Rocket Launcher Build | -11 -10 -10 ------- Run | Jun Mat Min Slots Evolved . | . . . Power . | . . . Propulsion . | . . . Utility . | . . . Weapon . | . . . Parts Attached 25 | . 12 13 Power 3 | . 1 2 Engine 3 | . 1 2 Core . | . . . Reactor . | . . . Propulsion 10 | . 4 6 Treads . | . . . Leg 10 | . 4 6 Wheel . | . . . Hover . | . . . Flight . | . . . Utility 3 | . 3 . Device 1 | . 1 . Storage 2 | . 2 . Processor . | . . . Hackware . | . . . Protection . | . . . Artifact . | . . . Weapon 9 | . 4 5 Energy Gun 1 | . 1 . Energy Cannon . | . . . Ballistic Gun 6 | . 3 3 Ballistic Cannon . | . . . Launcher 2 | . . 2 Special Weapon . | . . . Impact Weapon . | . . . Slashing Weapon . | . . . Piercing Weapon . | . . . Special Melee Weapon . | . . . Unidentified Prototypes . | . . . Parts Lost 8 | . 4 4 Power 1 | . 1 . Propulsion 4 | . 1 3 Utility . | . . . Weapon 3 | . 2 1 Highest Loss Streak 4 | . 4 2 To Critical Strikes . | . . . Average Slot Usage (%) 97 | . 94 99 Engine 13 | . 13 14 Leg 27 | . 27 27 Device 13 | . 12 14 Storage 14 | . 14 14 Energy Gun 4 | . 8 . Ballistic Gun 21 | . 16 27 Naked Turns . | . . . Heaviest Build 34 | 13 30 34 Greatest Support 20 | 20 20 20 Greatest Overweight (x) 1 | . 1 1 Average Overweight (x) . | . . 1 Largest Inventory Capacity 15 | . 15 15 Average Capacity 12 | . 11 15 Most Carried 15 | . 15 15 Average Carried 11 | . 9 14 Final Capacity 15 | 8 15 15 Final Carried 15 | 6 15 13 Class Distribution -------------------- 100% | Mutant Dominant Class ---------------- Mutant | -10/Materials Mutant | -10/Mines Resources | -11 -10 -10 ----------- Run | Jun Mat Min Matter Collected 1006 | 200 480 326 Remotely . | . . . Salvage Created 709 | . 499 210 Parts 47 | . 35 12 Haulers Intercepted 2 | . 2 . Recyclers Shooed . | . . . Parts Field Recycled . | . . . Retrieved Matter . | . . . Parts Self-Destructed . | . . . Prevented . | . . . Kills | -11 -10 -10 ------- Run | Jun Mat Min Combat Hostiles Destroyed 33 | . 12 21 Guns 17 | . 12 5 AOE 16 | . . 16 Classes Destroyed 7 | . 5 2 Worker 3 | . 3 . Hauler 2 | . 2 . Operator 1 | . 1 . Swarmer 10 | . 6 4 Grunt 8 | . 6 2 Demolisher 1 | . . 1 Assembled 14 | . . 14 Best Kill Streak 16 | . 5 16 Combat Bots Only 16 | . 4 16 Max Kills in Single Turn 8 | . 1 8 Gunslinging . | . . . Exploded 8 | . . 8 Melee . | . . . Uniques/NPCs Destroyed . | . . . Combat | -11 -10 -10 -------- Run | Jun Mat Min Damage Taken 1451 | . 669 782 Core 252 | . 122 130 Absorbed by Shields . | . . . Core Remaining (%) 100 | 100 . . Volleys Fired 80 | . 57 23 Largest 2 | . 2 2 Hottest 70 | . 70 66 Shots Fired 141 | . 94 47 Gun 129 | . 94 35 Cannon . | . . . Launcher 12 | . . 12 Special . | . . . Kinetic 92 | . 57 35 Thermal 37 | . 37 . Explosive 12 | . . 12 Electromagnetic . | . . . Robot Hit Streak 9 | . 7 9 Robot Miss Streak 7 | . 3 7 Penetration Max . | . . . Secondary Targets 1 | . 1 . Max Gunslinging Chain 1 | . 1 . Shots Hit Robots 72 | . 55 17 Core Hits 62 | . 26 36 Critical Kills 2 | . 1 1 Critical Parts Destroyed . | . . . Critical Strikes 2 | . 1 1 Destroy 2 | . 1 1 Melee Attacks . | . . . Impact . | . . . Slashing . | . . . Piercing . | . . . Sneak Attacks . | . . . Combat Hostiles . | . . . Follow-up Attacks . | . . . Damage Inflicted 2175 | . 914 1261 Guns 1016 | . 768 248 Cannons . | . . . Explosions 1159 | . 146 1013 Melee . | . . . Ramming . | . . . Kinetic 769 | . 521 248 Thermal 393 | . 393 . Explosive 1013 | . . 1013 Electromagnetic . | . . . Impact . | . . . Slashing . | . . . Piercing . | . . . Highest Corruption 2 | . 2 2 Average Corruption 2 | . 2 2 Corruption Purged . | . . . Corruption Blocked . | . . . Effects 29 | . 8 21 Message Errors 6 | . 2 4 Matter Fused 9 | . 1 8 Heat Flow Errors 5 | . . 5 Energy Discharges 3 | . 3 . Data Loss (minor) 2 | . . 2 Data Loss (major) 3 | . 2 1 Misfires 1 | . . 1 Overload Shots . | . . . Overflow Damage 64 | . 63 1 Projectiles . | . . . Explosions 64 | . 63 1 Melee . | . . . Knockbacks . | . . . Impact . | . . . Kinetic . | . . . Secondary . | . . . Self-Inflicted Damage 113 | . 66 47 Shots 2 | . 1 1 Rammed . | . . . Targets Rammed 1 | . . 1 Kicked 1 | . . 1 Crushed . | . . . Highest Temperature 224 | . 113 224 Average Temperature 51 | . 35 75 Received Heat Transfer 282 | . 255 27 Siege Activations . | . . . Robots Corrupted . | . . . Combat Hostiles . | . . . Parts Fried . | . . . Impact Corruptions . | . . . Robots Melted . | . . . Combat Hostiles . | . . . Parts Melted . | . . . Heat Transferred 792 | . 792 . Parts Sabotaged . | . . . Parts Stolen . | . . . Parts Stripped . | . . . Power Chain Reactions . | . . . Missiles Intercepted . | . . . Alert | -11 -10 -10 ------- Run | Jun Mat Min Peak Influence 163 | . 163 112 Initial 5 | . . 5 Average 56 | . 46 67 Maximum Alert Level . | . . . Low Security (%) 100 | . 100 100 Level 1 . | . . . Level 2 . | . . . Level 3 . | . . . Level 4 . | . . . Level 5 . | . . . High Security . | . . . Max Security . | . . . Squads Dispatched 3 | . 3 . Investigation 2 | . 2 . Extermination . | . . . Reinforcement 1 | . 1 . Assault . | . . . Garrison . | . . . Intercept . | . . . Searches Triggered . | . . . Construction Impeded . | . . . Haulers Reinforced . | . . . Active Scanning Responses . | . . . Cargo Convoy Interrupts . | . . . Stealth | -11 -10 -10 --------- Run | Jun Mat Min Distress Signals 2 | . 2 . Communications Jammed . | . . . Distress Signals . | . . . Times Spotted 57 | . 26 31 Peak Tracking Total 20 | . 7 20 Tactical Retreats 2 | . 1 1 Traps | -11 -10 -10 ------- Run | Jun Mat Min Traps Triggered 3 | . 3 . Indirectly . | . . . Trap Hack Attempts . | . . . Triggered . | . . . Disarmed . | . . . Reprogrammed . | . . . Reused . | . . . Traps Extracted . | . . . Installed . | . . . Triggered . | . . . Machines | -11 -10 -10 ---------- Run | Jun Mat Min Machines Disabled 2 | . 2 . Max in Single Turn 2 | . 2 . Machines Repaired . | . . . Machines Sabotaged . | . . . Overloaded Fab Kills . | . . . Hacking | -11 -10 -10 --------- Run | Jun Mat Min Machines Accessed 7 | . 7 . Terminals 7 | . 7 . Fabricators . | . . . Repair Stations . | . . . Recycling Units . | . . . Scanalyzers . | . . . Garrison Access . | . . . Total Hacks 27 | . 27 . Successful 13 | . 13 . Failed 13 | . 13 . Catastrophic 3 | . 3 . Database Lockouts 1 | . 1 . Manual 20 | . 20 . Terminals 27 | . 27 . Fabricators . | . . . Repair Stations . | . . . Recycling Units . | . . . Scanalyzers . | . . . Garrison Access . | . . . Terminal Hacks 8 | . 8 . Part Schematic 2 | . 2 . Prototype ID Bank 3 | . 3 . Branch Access Points 1 | . 1 . Unreport Threat 2 | . 2 . Fabricator Hacks . | . . . Repair Station Hacks . | . . . Recycling Unit Hacks . | . . . Scanalyzer . | . . . Garrison Access Hacks . | . . . Unauthorized Hacks 5 | . 5 . Terminals 5 | . 5 . Botnet 5 | . 5 . Fabricators . | . . . Repair Stations . | . . . Recycling Units . | . . . Scanalyzers . | . . . Garrison Access . | . . . Data Cores Recovered . | . . . Used . | . . . Hacking Detections 6 | . 6 . Full Trace Events 1 | . 1 . Feedback Events . | . . . Feedback Blocked . | . . . Robot Schematics Acquired . | . . . Robots Built . | . . . Authchips . | . . . Time . | . . . Total Robot Build Rating . | . . . Part Schematics Acquired 2 | . 2 . Parts Built . | . . . Authchips . | . . . Time . | . . . Total Part Build Rating . | . . . Parts Repaired . | . . . Time . | . . . Parts Recycled . | . . . Recycled Matter . | . . . Retrieved Matter . | . . . Retrieved Components . | . . . Parts Scanalyzed . | . . . Part Schematics Acquired . | . . . Parts Damaged . | . . . Bothacking | -11 -10 -10 ------------ Run | Jun Mat Min Used RIF Installer . | . . . Robots Hacked . | . . . Non-combat . | . . . Combat . | . . . Robot Hacks Applied . | . . . Relay Couplers Released . | . . . Fabnet Peak Effective % . | . . . Robots Rewired . | . . . Allies Hacked . | . . . Hacks Repelled . | . . . Allies | -11 -10 -10 -------- Run | Jun Mat Min Total Allies 3 | . . 3 Largest Group 3 | . . 3 Highest-Rated Group 40 | . . 40 Highest-Rated Ally 16 | . . 16 Total Orders . | . . . Ally Attacks 12 | . . 12 Total Damage 103 | . . 103 Kills 3 | . . 3 Allies Corrupted . | . . . Allies Melted . | . . . Intel | -11 -10 -10 ------- Run | Jun Mat Min Robot Analysis Total . | . . . Derelict Logs Recovered 1 | . . 1 Drone Launches . | . . . Drone Recoveries . | . . . Exploration | -11 -10 -10 ------------- Run | Jun Mat Min Turns Passed 2603 | . 1345 1258 Spaces Moved 1391 | 1 787 603 Core . | . . . Treads . | . . . Legs 1391 | 1 787 603 Wheels . | . . . Hover . | . . . Flight . | . . . Fastest Speed 120 | 120 120 190 Average Speed 161 | 120 140 190 Slowest Speed 190 | 120 190 190 Overloaded Moves . | . . . Propulsion Burnouts . | . . . Robots Hopped . | . . . Cave-ins Triggered . | . . . Exploration Rate (%) 66 | 2 98 100 Regions Visited 2 Branch Regions 1 Pre-discovered Areas . | . . . Known Exits Taken 1 | . 1 . Unknown Exits Taken 1 | 1 . . Scrap Searched 1 | . . 1 Spaces Dug . | . . . Terrain Destroyed 76 | . 9 67 Melee . | . . . Projectile . | . . . AOE 76 | . 9 67 Terrain Rammed . | . . . Walls Destroyed . | . . . Machines Disabled . | . . . Actions | -11 -10 -10 --------- Run | Jun Mat Min Total 1602 | . 932 670 Wait 84 | . 59 25 Move 1389 | . 786 603 Hop . | . . . Pick Up 12 | . 11 1 Fast Attach 3 | . 3 . Attach 7 | . 3 4 Detach 1 | . 1 . Swap 15 | . 6 9 Drop 10 | . 6 4 Fire 80 | . 57 23 Melee . | . . . Ram . | . . . Kick 1 | . . 1 Crush . | . . . Escape Stasis . | . . . Rewire . | . . . Trap . | . . . Miscellaneous . | . . . Route ------- -11/Junkyard -10/Materials (discovered 4 exits: [*Mat x3] / *Min) -10/Mines (discovered 3 exits: [*Mat x2] / [*Exi]) History --------- Turn | Location | Event 1 | -11/Junkyard | Discovered new exit (range 0) 1 | -11/Junkyard | Entered Materials 304 | -10/Materials | Identified exit to Mines 304 | -10/Materials | Central database locked down 315 | -10/Materials | Discovered new exit (range 10) 333 | -10/Materials | Build established: Mutant 437 | -10/Materials | Discovered new exit (range 15) 780 | -10/Materials | Discovered new exit (range 14) 852 | -10/Materials | Lost 4 parts (1p1n2w) 1346 | -10/Materials | Entered Mines 1347 | -10/Mines | Assembled infested the area 1352 | -10/Mines | Assisted by a Guerilla fighting off Assembled 1354 | -10/Mines | Core integrity fell below 50% 1395 | -10/Mines | Destroyed 16 combat bots 1395 | -10/Mines | Core integrity fell below 20% 1528 | -10/Mines | Deemed a non-threat by the Exiles lab entrance 1528 | -10/Mines | Discovered new exit (range 6) 1718 | -10/Mines | Discovered new exit (range 5) 2031 | -10/Mines | Discovered new exit (range 4) 2077 | -10/Mines | Assisted by bots powering up and referring to "LRC-V3" 2335 | -10/Mines | Received a Rocket Launcher from a helpful Derelict 2604 | -10/Mines | Destroyed by D-53 Grenadier with Mini Grenade Launcher Last Messages --------------- 02334_ TD-SNK(g): "Need a small hole in the wall? Leave that to the mining laser wimps, I say!" 02335_ TD-SNK(g): "Would you like a rocket launcher? I know I would if I were you, so I'm going to lend you mine." 02335_ TD-SNK(g) slips back into the shadows. 02338_ Dropped Rocket Launcher. 02338_ Acquired Rocket Launcher. 02365_ System corrupted: Matter fused (-10). 02398_ System corrupted: Substantial component data lost. 02499_ :H6IG4WGE#MLM1=&PWHCT3>SQR|P00JAJ 02525_ System corrupted: Heat flow error (+177). 02532_ Kicked T-07 Excavator out of the way. 02580_ System corrupted: Heat flow error (+231). 02593_ Trooper 1a destroyed. 02595_ Assault Rifle destroyed. 02595_ Trooper 1b destroyed. 02596_ D-53 Grenadier destroyed. 02598_ K-01 Serf collects debris. 02602_ Aluminum Leg destroyed. 02603_ The unstable cave ceiling collapses. Map ----- +----------------------------------------------------+ | ?????????????????????????????????????????????## | | ?????????????????????????????????????????????## | | ?????????????????????????????????????????????## | | ?????????????????????????????????????????????### | | ???????????????????????????????######????????##### | | ??????????????????????????????########????????#### | | ?????????????????????????????#### ####?????????## | | ???????????????????#######??#### ###?????????## | | ??????????????????############# ##???????#### | | ???######????????#### ###### ##???????#### | | ??#######????????### ### ###???????## | | ??### ##????????## < ###????????## # | | ??## ###??????### ###????????## # | | ??## #####???### #### #### ##??????#### # | | ??### ####???## ##### ##### ############ # | | ??#### ##???## ##### ##### ########## # | | ???#### ##??#### ###### ##?## ### | | ????#### ############# ##?### ##### | | ?????### ##### ####### #####?########## ###### | | ??????## ### # ???## # ####?######### !##### | | ??????## ### # # ########??????## [[*##### | | ??????### " ######### # ####??????###### ##### | | ??????#### t ##??????###### ##### | | ??????## ## ###### ###???????## """" | | ??????## # ## # #### # ####??????## """" | | ??????### ## # ### @ ###??????## """" | | ??????## #### ### * ##??????## | | ??????#### # %= ##??????## | | ?????#### d ##??????## | | ?????### ### #######??########## | | ?????## ## ### ### kr#######??########## | | ?????### ########## ##????????#### | | ?????## # ##?#### ###??????#### | | ?????## ###????## #### ###?????#### | | ?????## ###????### #### ##????#### | | ??###### ###????#### #### ######### | | ??####### ####?################ ######## | | ?### #### ##################### ### | | ?### # ####### ###???????## ]# # | | ?## ## ###??????####### # ## ## | | ?## #######??####### ## ## | | ?## # #######??????### ## | | ?############ ####?????########### | | ?############# ###??????########## | | ???????????#### ##??????????### | | ????????????#### ##??????????## | | ???###??######### # # ###????????#### | | ???################ # ######????????##### | | ???##<#### ####?????????## | | ???## ## ######### ####???????????## | +----------------------------------------------------+ Best States ------------- Heat Dissipation 25 Energy Generation 10 Energy Capacity 250 Matter Stores 300 Matter Capacity 300 Sight Range 16 Terrain Scan Density 10 Evasion (%) 55 Item Schematics ----------------- Hcp. Storage Unit | -10/Materials | Hacked Huge Storage Unit | -10/Materials | Hacked Robot Schematics ------------------ None Fabricated ------------ Nothing Alien Tech Used ----------------- None Achievements -------------- None Challenges ------------ None Game ------ Seed ProcessingMinesnifferTorch Manual? 0 Play Time 00:19:17 Cumulative 266.5 hours Start 2023.10.07 @ 19:06:14 End 2023.10.09 @ 15:21:34 Sessions 6 Manual Loads 0 Difficulty Rogue Special Mode None Game No. 151 Rogue 107 Adventurer 44 Explorer 0 Win Type - Total 2 Types 2/0/0/0/0/0/0/0/0 Lore% 61 Gallery% 64 Achievement% 58 Wizard Run 0 Options --------- ASCII 0 Keyboard 1 Movement Vi Keybinds 1 Fullscreen 2 Font 18/X11Bold Map View 76x50 Tactical HUD 1 Map Filters NONE Filters NONE Steam 1 RUN: b44d9c44-3467-4a02-a835-09606709a9b2